 Dungeon Crawl Stone Soup version 0.20-a0-548-g4f8a798 (webtiles) character file.

1348 krabocopter the Firebug (level 8, -15/41 HPs)
             Began as a Deep Elf Fire Elementalist on Feb 1, 2017.
             Demolished by an orc warrior
             ... wielding a +0 war axe
              (18 damage)
             ... on level 6 of the Dungeon.
             The game lasted 00:36:50 (4573 turns).

krabocopter the Firebug (DEFE)                      Turns: 4573, Time: 00:36:51

Health: -15/41     AC:  6    Str:  7    XL:     8   Next: 36%
Magic:  3/19       EV: 13    Int: 21    God:
Gold:   314        SH:  0    Dex: 15    Spells: 4/20 levels left

rFire    + . .     SeeInvis .   E - +0 short sword (drain)
rCold    . . .     Gourm    .   a - +0 robe
rNeg     . . .     Faith    .   (no shield)
rPois    .         Spirit   .   s - +0 helmet
rElec    .         Reflect  .   i - +1 cloak
rCorr    .         Harm     .   j - +0 pair of gloves
MR       .....     Rnd*Tele +   (no boots)
Stlth    ++........             h - amulet of regeneration
Regen    0.6/turn               I - ring of teleportation (curse)
                                H - ring of protection from fire

@: no status effects
A: no striking features
a: no special abilities


You were on level 6 of the Dungeon.
You were not hungry.

You visited 1 branch of the dungeon, and saw 6 of its levels.

You collected 314 gold pieces.

Inventory:

Hand Weapons
 e - a +0 shortbow of flaming
 l - a +1 short sword
 E - a +0 short sword of draining (weapon)
 G - a +2 dagger of freezing
 J - a +2 dagger of venom
Missiles
 C - 36 arrows
Armour
 a - a +0 robe (worn)
 i - a +1 cloak (worn)
 j - a +0 pair of gloves (worn)
 s - a +0 helmet (worn)
Jewellery
 h - an amulet of regeneration (around neck)
 y - an uncursed ring of ice {unknown}
 H - a ring of protection from fire (left hand)
 I - a cursed ring of teleportation (right hand)
Wands
 f - a wand of scattershot (3/9)
Scrolls
 m - a scroll of recharging
 p - 3 scrolls of identify
 r - a scroll of enchant armour
Potions
 g - 3 potions of might {unknown}
 k - a potion of mutation {unknown}
 n - 2 potions of agility {unknown}
 o - 3 potions of flight {unknown}
 q - 2 potions of heal wounds {unknown}
 t - a potion of cure mutation {unknown}
 u - 4 potions of curing {unknown}
 x - a potion of brilliance {unknown}
 z - a potion of magic {unknown}
 B - a potion of beneficial mutation {unknown}
Books
 b - a book of Flames

   Spells                             Type                      Level
   a - Flame Tongue                   Conjuration/Fire             1
   b - Throw Flame                    Conjuration/Fire             2
   c - Conjure Flame                  Conjuration/Fire             3
   d - Inner Flame                    Hexes/Fire                   3
   e - Sticky Flame                   Conjuration/Fire             4
   f - Fireball                       Conjuration/Fire             5
 w - a book of Debilitation

   Spells                             Type                      Level
   a - Corona                         Hexes                        1
   b - Slow                           Hexes                        2
   c - Gell's Gravitas                Hexes/Translocation          3
   d - Inner Flame                    Hexes/Fire                   3
   e - Cause Fear                     Hexes                        4
   f - Leda's Liquefaction            Hexes/Earth                  4
 A - a book of Cantrips

   Spells                             Type                      Level
   a - Confusing Touch                Hexes                        1
   b - Animate Skeleton               Necromancy                   1
   c - Summon Small Mammal            Summoning                    1
   d - Apportation                    Translocation                1
Comestibles
 c - 3 bread rations
 d - 5 meat rations
 v - a royal jelly
 D - 7 chunks of flesh


   Skills:
 - Level 2.4 Dodging
 - Level 2.4 Stealth
 + Level 6.5 Spellcasting
 * Level 6.8 Conjurations
 - Level 4.3 Hexes
 * Level 7.1 Fire Magic


You had 4 spell levels left.
You knew the following spells:

 Your Spells              Type           Power        Failure   Level  Hunger
a - Flame Tongue          Conj/Fire      #####        1%          1    None
b - Conjure Flame         Conj/Fire      #####...     1%          3    #......
c - Inner Flame           Hex/Fire       ####....     2%          3    #......
d - Sticky Flame          Conj/Fire      #####...     6%          4    ###....
e - Fireball              Conj/Fire      #####.....   17%         5    #####..


Dungeon Overview and Level Annotations

Branches:
Dungeon (6/15)
 Temple: D:4-7

Altars:
Xom

Shops:
D:5 :

Annotations:
D:4 Menkaure


Message History

Confirm with . or Enter, or press ? or * to list all spells.
Okay, then.
Unknown command.
Casting: Flame Tongue
Confirm with . or Enter, or press ? or * to list all spells.
Aiming: Flame Tongue
Press: ? - help, Shift-Dir - straight line, f - orc warrior
Aim: an orc warrior, wielding a war axe and wearing a plate armour The flame tongue hits the orc warrior.
The orc warrior is moderately wounded.
The orc warrior misses you.
Casting: Flame Tongue
Confirm with . or Enter, or press ? or * to list all spells.
Aiming: Flame Tongue
Press: ? - help, Shift-Dir - straight line, f/p - orc warrior
Aim: an orc warrior, wielding a war axe and wearing a plate armour (moderately wounded)
The flame tongue hits the orc warrior.
The orc warrior appears unharmed.
The orc warrior is moderately wounded.
The orc warrior hits you with a war axe!!
You die...

#........#.....
#........#.....
####++#######..
...##......##....
..................
#######.....######
##...###...# #
#.....##
##o....##...# ###
...(...#
#@§§....#...####..
.......#
#§§§....#...##...#
.......#
#§§§§...#......###
#.....#
##)....##..#.#####
##...#
##...##...#.###..
.##'#######'###
##'###.<.#.#...#
...............
........#...###
...............
........#.###
...............
.........#.#


You could see an orc warrior.

Vanquished Creatures
  Grinder (D:5)
  A water moccasin (D:6)
  2 orc warriors (D:6)
  An ogre (D:5)
  A centaur (D:6)
  2 bullfrogs (D:6)
  A howler monkey (D:6)
  A jelly (D:4)
  3 orc priests
  2 hounds
  2 orc wizards (D:6)
  An iguana (D:5)
  2 worker ants
  A hound zombie (D:6)
  A worker ant zombie (D:6)
  Robin (D:3)
  4 adders
  An adder zombie (D:6)
  2 worms (D:2)
  2 dart slugs
  8 leopard geckos
  14 orcs
  7 giant cockroaches
  18 hobgoblins
  5 jackals (D:2)
  2 quokkas
  9 bats
  2 frilled lizards (D:1)
  27 goblins
  7 kobolds
  A quokka zombie (D:6)
  7 rats
139 creatures vanquished.

Notes
Turn   | Place    | Note
-------+----------+-------------------------------------------
     0 | D:1      | krabocopter the Deep Elf Fire Elementalist began the quest for the Orb.
     0 | D:1      | Reached XP level 1. HP: 10/10 MP: 6/6
   236 | D:1      | Reached XP level 2. HP: 10/15 MP: 6/8
   705 | D:2      | Reached XP level 3. HP: 19/19 MP: 6/10
   842 | D:2      | Found a faded altar of an unknown god.
  1556 | D:2      | Reached XP level 4. HP: 24/24 MP: 8/12
  1597 | D:2      | Reached skill level 4 in Fire Magic
  1802 | D:3      | Noticed Robin
  1962 | D:3      | Learned a level 3 spell: Conjure Flame
  2172 | D:3      | Killed Robin
  2429 | D:3      | Reached XP level 5. HP: 28/28 MP: 8/13
  2479 | D:3      | Found a shimmering altar of Xom.
  2479 | D:3      | Found a shimmering altar of Xom.
  2480 | D:3      | Found a shimmering altar of Xom.
  2480 | D:3      | Found a shimmering altar of Xom.
  2676 | D:4      | Noticed Menkaure
  2680 | D:5      | Entered Level 5 of the Dungeon
  2714 | D:5      | Reached skill level 5 in Fire Magic
  2840 | D:5      | Got a faintly glowing long sword
  2841 | D:5      | Identified the cursed +0 long sword of Obsession {freeze, *Noise rElec Str-3 Stlth+} (You found it on level 5 of the Dungeon)
  2904 | D:5      | Found Qekauta's Book Shoppe.
  2989 | D:5      | Reached XP level 6. HP: 32/32 MP: 8/14
  3173 | D:5      | Reached skill level 5 in Conjurations
  3291 | D:5      | Noticed Grinder
  3440 | D:6      | Reached skill level 6 in Fire Magic
  3462 | D:6      | Reached XP level 7. HP: 36/36 MP: 5/15
  3920 | D:6      | Learned a level 3 spell: Inner Flame
  3925 | D:6      | Learned a level 4 spell: Sticky Flame
  4009 | D:6      | Reached skill level 5 in Spellcasting
  4083 | D:5      | Paralysed by Grinder for 5 turns
  4090 | D:5      | Killed Grinder
  4090 | D:5      | Reached XP level 8. HP: 30/41 MP: 10/19
  4231 | D:6      | Learned a level 5 spell: Fireball
  4463 | D:6      | Reached skill level 7 in Fire Magic
  4570 | D:6      | HP: 2/41 [orc warrior/war axe (10)]
  4573 | D:6      | Demolished by an orc warrior

Vault maps used:
D:1:      elethiomel_arrival_quiet
D:2:      cheibrodos_helix_gallery, chequers_ecumenical_altar_simple
D:3:      xom_redecorated, first_bread, minmay_crystal_water, uniq_robin
D:4:      minmay_temple_entry_trees, uniq_blork_the_orc, uniq_edmund,
          uniq_duvessa, uniq_menkaure
D:5:      serial_shops, nicolae_shop_statue_plus, minmay_ogre_servants,
          uniq_grinder
D:6:      kennysheep_six_static_rooms, nicolae_benzene_ring,
          kennysheep_generic_room_4

Skill      XL: |  1  2  3  4  5  6  7  8 |
---------------+-------------------------+-----
Conjurations   | 2 3 4 5 6 |  6.8
Spellcasting   | 4 6 |  6.5
Fire Magic     | 4 5 6 7 |  7.1
Hexes          | 4 |  4.3
Dodging        | |  2.4
Stealth        | |  2.4

Action                   |  1- 3 |  4- 6 |  7- 9 || total
-------------------------+-------+-------+-------++-------
Melee: Short sword       |     5 |     1 |       ||     6
 Cast: Flame Tongue      |    94 |   128 |    81 ||   303
       Conjure Flame     |       |     4 |     4 ||     8
       Inner Flame       |       |       |     3 ||     3
Evoke: Wand              |       |       |     1 ||     1
  Use: Scroll            |       |     6 |     3 ||     9
 Stab: Sleeping          |       |     1 |       ||     1
  Eat: Chunk             |     2 |     6 |     3 ||    11
Armor: Robe              |     9 |    12 |     8 ||    29
Dodge: Dodged            |    19 |    14 |    21 ||    54
       Rpst.: Long sword |       |     3 |       ||     3
